 Dungeon Crawl Stone Soup version 0.26.1-11-gd32895ea62 (webtiles) character file.

Game seed: 18281727924132203923

14560 buriedalive the Nimble (level 11, -2/67 HPs)
             Began as a Deep Elf Ice Elementalist on May 27, 2021.
             Was a High Priest of Ashenzari.
             Engulfed by an ice statue's freezing vapour (17 damage)
             ... in an ice cave.
             The game lasted 00:42:12 (18140 turns).

buriedalive the Nimble (Deep Elf Ice Elementalist) Turns: 18140, Time: 00:42:13

Health: -2/67      AC: 10    Str:  5    XL:     11   Next: 90%
Magic:  6/23       EV: 29    Int: 24    God:    Ashenzari [*****.]
Gold:   938        SH:  0    Dex: 30    Spells: 1/24 levels left

rFire    + . .     SeeInvis +   o - +1 dagger of the Realm of Zot {vorpal, rF- Dex+9} (curse)
rCold    . . .     Faith    .   (no shield)
rNeg     . . .     Spirit   .   J - +0 troll leather armour
rPois    +         Reflect  .   w - +1 helmet
rElec    .         Harm     .   I - +1 cloak
rCorr    .         Rampage  .   s - +1 pair of gloves of Gluttony {+Fly rPois rF++ Stlth+}
Will     +....     Clarity  +   (no boots)
Stlth    ++++......             (no amulet)
HPRegen  0.61/turn              m - +6 ring of dexterity (curse)
MPRegen  0.18/turn              k - +4 ring of evasion (curse)

@: no status effects
A: no striking features
a: Renounce Religion, Evoke Flight, Curse Item, Scrying, Transfer Knowledge


You were in an ice cave.
You worshipped Ashenzari.
Ashenzari was extremely pleased with you.
You visited 2 branches of the dungeon, and saw 14 of its levels.
You also visited: Ice Cave.

You collected 938 gold pieces.

Inventory:

Hand Weapons
 o - the cursed +1 dagger of the Realm of Zot (weapon) {vorpal, rF- Dex+9}
   (You found it on level 4 of the Dungeon)

   It inflicts extra damage upon your enemies.
   It affects your dexterity (+9).
   It makes you vulnerable to fire.
   It has a curse placed upon it.
Missiles
 b - 308 stones
 j - 40 poisoned darts (quivered)
 R - a throwing net
Armour
 r - the +3 ring mail of Ziczuf {rC++}
   (You found it on level 6 of the Dungeon)

   It greatly protects you from cold.
 s - the +1 pair of gloves of Gluttony (worn) {+Fly rPois rF++ Stlth+}
   (You found it on level 4 of the Dungeon)

   It greatly protects you from fire.
   It protects you from poison.
   It lets you fly.
   It makes you more stealthy.
 w - a +1 helmet (worn)
 A - a +3 leather armour of poison resistance
 B - a +1 leather armour of positive energy
 I - a +1 cloak (worn)
 J - a +0 troll leather armour (worn)
Magical Staves
 H - a cursed staff of earth
 T - an uncursed staff of poison
Jewellery
 e - a +4 ring of evasion
 k - a cursed +4 ring of evasion (right hand)
 m - a cursed +6 ring of dexterity (left hand)
 p - an uncursed ring of willpower
 F - an uncursed ring of positive energy
 N - an uncursed ring of wizardry
 P - an uncursed ring of positive energy
Wands
 g - a wand of random effects (63)
 z - a wand of acid (27)
 Q - a wand of polymorph (10)
 S - a wand of digging (4)
Scrolls
 d - 4 scrolls of magic mapping
 l - 2 scrolls of identify
 t - 2 scrolls of immolation
 u - 5 scrolls of amnesia
 v - a scroll of fog
 y - 4 scrolls of remove curse
 C - 2 scrolls of enchant weapon
 D - 2 scrolls of brand weapon
 G - 4 scrolls of teleportation
 O - a scroll of summoning
Potions
 a - 3 potions of lignification
 c - 4 potions of brilliance
 f - a potion of resistance
 h - a potion of heal wounds
 i - 6 potions of curing
 n - 3 potions of might
 q - 2 potions of haste
 x - 2 potions of flight
 E - a potion of invisibility
 L - 3 potions of berserk rage
 M - a potion of attraction
Miscellaneous
 K - a condenser vane


   Skills:
 + Level 7.5 Fighting
 - Level 13.0 Dodging
 - Level 2.4 Stealth
 - Level 7.1 Spellcasting
 + Level 6.9(9.6) Conjurations
 - Level 5.0(7.6) Summonings
 - Level 10.3(12.7) Ice Magic
 + Level 4.3(6.8) Earth Magic


You had one spell level left.
You knew the following spells:

 Your Spells              Type           Power        Failure   Level
a - Freeze                Ice            100%         1%          1
b - Frozen Ramparts       Ice            100%         1%          3
c - Ozocubu's Armour      Ice            63%          1%          3
d - Summon Ice Beast      Ice/Summ       55%          1%          4
e - Hailstorm             Conj/Ice       58%          1%          4
f - Stone Arrow           Conj/Erth      96%          1%          3
g - Lee's Rapid Deconstr  Erth           20%          21%         5

Your spell library contained the following spells:

 Spells                   Type           Power        Failure   Level
 Sandblast                Erth           82%          1%          1
 Passwall                 Tmut/Erth      20%          4%          2
 Petrify                  Tmut/Erth      25%          26%         4


Dungeon Overview and Level Annotations

Branches:
Dungeon (13/15)            Temple (0/1) D:5            Lair (1/6) D:9
    Orc (0/2) D:11          IceCv (1/1)
 Vaults: D:13-14

Altars:
Ashenzari
Fedhas
Gozag
Kikubaaqudgha
Trog
Vehumet
Xom
Yredelemnul
Zin

Portals:
Trove: D:13 (give +4 storm dragon scales)

Annotations:
D:5 1 runed translucent door IceCv 1 transporter, exclusion: ice statue


Message History

The ice beast hits you but does no damage.
Your ice beast hits the ice beast but does no damage.
The ice beast hits you but does no damage.
The ice statue gestures at you. The freezing blast misses you.
Casting: Summon Ice Beast (dangerous; 1% risk of failure)
Confirm with . or Enter, or press ? or * to list all spells.
A chill wind blows around you.
You are engulfed in freezing vapours.
* * * LOW HITPOINT WARNING * * *
The ice beast completely misses you.
Your ice beast hits the ice statue but does no damage. x2
The ice beast hits you but does no damage.
Your ice beast hits the ice beast.
Your ice beast freezes the ice beast.
The ice beast completely resists.
The ice beast completely misses you. The ice statue gestures at you.
The bolt of cold misses you.
Casting: Summon Ice Beast (dangerous; 1% risk of failure)
Confirm with . or Enter, or press ? or * to list all spells.
A chill wind blows around you.
You are engulfed in freezing vapours.
You die...

####...###
##........##
##..........#
##...........#
#..........8.#
#.........).!#
#.∩.©...Y$.:©#
#......YYYYY!#
#......Y8@§8.#
##......§☼○..#
##....Y.....#
##........##
####...###
#####


You could see an ice statue, 3 ice beasts and 5 friendly ice beasts.

Vanquished Creatures
  A boulder beetle (D:12)
  An unseen horror (D:12)
  A deep elf mage (D:12)
  2 ugly things (IceCv)
  A manticore (D:11)
  An ice statue (IceCv)
  Maurice (D:10)
  Maggie (D:8)
  A cane toad (Lair:1)
  A hornet (D:9)
  4 trolls
  13 yaks
  A wyvern (D:13)
  Eustachio (D:5)
  A wraith (D:10)
  2 soldier ants
  7 ice beasts
  5 orc warriors
  2 black bears
  5 ogres
  An eye of draining (D:11)
  5 sky beasts
  4 centaurs
  11 bullfrogs
  8 scorpions
  4 killer bees
  6 wights
  2 centaur zombies
  3 bullfrog zombies
  8 orc priests
  4 hounds
  8 orc wizards
  A quasit (D:9)
  Crazy Yiuf (D:7)
  3 jellies
  A bullfrog skeleton (D:11)
  A centaur skeleton (D:4)
  2 iguanas
  7 worker ants
  A hound zombie (D:9)
  2 hound skeletons
  A howler monkey zombie (D:6)
  Robin (D:4)
  15 adders
  A shadow imp (D:6)
  A white imp (D:9)
  3 ufetubi
  3 oozes
  An adder zombie (D:8)
  4 worms
  2 dart slugs
  8 leopard geckos
  43 orcs
  11 bats
  8 giant cockroaches
  15 goblins
  11 hobgoblins
  3 jackals
  2 quokkas
  3 frilled lizards
  A jackal zombie (D:7)
  7 kobolds
  2 quokka skeletons
  A quokka zombie (D:8)
  7 rats
  A bush (D:2)
  5 butterflies (D:5)
295 creatures vanquished.

Vanquished Creatures (collateral kills)
  An ugly thing (D:11)
  A cyclops (D:12)
  A gargoyle (D:12)
  A komodo dragon (D:11)
  A rime drake (Lair:1)
  A wraith (D:13)
  A water moccasin (D:12)
  A sky beast (D:12)
  2 ogres
  An eye of draining (D:12)
  A phantom (D:12)
  3 ice beasts
  A big kobold (D:12)
  A wyvern zombie (D:12)
  3 wights (D:12)
  A hound (D:12)
  An orc wizard (D:11)
  3 gnolls (D:11)
  2 adders (D:11)
  2 orcs (D:12)
  2 kobolds (D:12)
31 creatures vanquished.

Vanquished Creatures (others)
  A human (D:9)
  5 fungi (D:9)
  12 plants
18 creatures vanquished.

Grand Total: 344 creatures vanquished

Notes
Turn   | Place    | Note
-------+----------+-------------------------------------------
     0 | D:1      | buriedalive the Deep Elf Ice Elementalist began the quest
                  | for the Orb.
     0 | D:1      | Reached XP level 1. HP: 10/10 MP: 6/6
   367 | D:1      | Found a broken altar of Ashenzari.
   548 | D:1      | Reached XP level 2. HP: 15/15 MP: 5/8
   601 | D:1      | Reached skill level 3 in Dodging
  2002 | D:1      | Became a worshipper of Ashenzari the Shackled
  2060 | D:2      | Reached skill level 5 in Ice Magic
  2060 | D:2      | Reached XP level 3. HP: 16/19 MP: 4/9
  2354 | D:2      | Found a glowing silver altar of Zin.
  2519 | D:2      | Found a blossoming altar of Fedhas.
  2596 | D:2      | Reached skill level 4 in Dodging
  2737 | D:2      | Reached * piety under Ashenzari
  2939 | D:2      | Reached XP level 4. HP: 18/24 MP: 6/10
  2946 | D:2      | Learned a level 3 spell: Frozen Ramparts
  2950 | D:2      | Learned a level 3 spell: Ozocubu's Armour
  4574 | D:4      | Noticed an ogre
  4582 | D:4      | Killed an ogre
  4583 | D:4      | Reached skill level 5 in Dodging
  4583 | D:4      | Reached XP level 5. HP: 28/28 MP: 5/11
  4780 | D:4      | Identified the cursed +1 dagger of the Realm of Zot
                  | {vorpal, rF- Dex+9}
  4899 | D:4      | Got the uncursed pair of gloves of Gluttony {+Fly rPois
                  | rF++ Stlth+}
  4905 | D:4      | Identified the +1 pair of gloves of Gluttony {+Fly rPois
                  | rF++ Stlth+} (You found it on level 4 of the Dungeon)
  5188 | D:4      | Noticed Robin
  5212 | D:4      | Killed Robin
  5217 | D:4      | Reached XP level 6. HP: 28/32 MP: 7/13
  5476 | D:5      | Entered Level 5 of the Dungeon
  6042 | D:5      | Found a runed translucent door.
  6061 | D:5      | Found a runed translucent door.
  6162 | D:5      | Reached skill level 6 in Dodging
  6169 | D:5      | Reached XP level 7. HP: 34/36 MP: 8/16
  6231 | D:5      | Found a staircase to the Ecumenical Temple.
  6269 | D:5      | Found a bloodstained altar of Trog.
  6357 | D:5      | Noticed Eustachio
  6364 | D:5      | Killed Eustachio
  6365 | D:5      | Reached skill level 5 in Spellcasting
  6579 | D:5      | Reached skill level 7 in Dodging
  6854 | D:6      | Got the uncursed ring mail of Ziczuf {rC++}
  6991 | D:6      | Reached ** piety under Ashenzari
  7030 | D:6      | Reached XP level 8. HP: 35/41 MP: 17/17
  7246 | D:6      | Reached skill level 8 in Dodging
  7404 | D:6      | Found a radiant altar of Vehumet.
  7409 | D:6      | Found a basalt altar of Yredelemnul.
  7916 | D:7      | Learned a level 4 spell: Summon Ice Beast
  7956 | D:7      | Reached skill level 9 in Dodging
  7956 | D:7      | Reached skill level 1 in Summonings
  8316 | D:7      | Found an opulent altar of Gozag.
  8595 | D:7      | Reached XP level 9. HP: 44/45 MP: 15/18
  8921 | D:7      | Found a runed translucent door.
  8922 | D:7      | Noticed Crazy Yiuf
  8933 | D:7      | Killed Crazy Yiuf
  9176 | D:8      | Found a broken altar of Ashenzari.
  9386 | D:8      | Reached *** piety under Ashenzari
  9392 | D:8      | Reached skill level 10 in Dodging
  9504 | D:8      | Found a shimmering altar of Xom.
  9628 | D:8      | Reached skill level 10 in Ice Magic
  9936 | D:8      | Noticed Maggie
  9949 | D:8      | Killed Maggie
  9950 | D:8      | Reached skill level 5 in Summonings
 10632 | D:9      | Reached skill level 1 in Fighting
 10671 | D:9      | Found an ancient bone altar of Kikubaaqudgha.
 10729 | D:9      | Noticed a troll
 10737 | D:9      | Reached skill level 11 in Dodging
 10753 | D:9      | Killed a troll
 10754 | D:9      | Reached XP level 10. HP: 35/56 MP: 0/19
 11047 | D:9      | Found a staircase to the Lair.
 11143 | D:9      | Reached skill level 12 in Dodging
 11654 | D:10     | Entered Level 10 of the Dungeon
 11728 | D:10     | Found a basalt altar of Yredelemnul.
 12211 | D:10     | Noticed Maurice
 12334 | D:10     | Killed Maurice
 12335 | D:10     | Reached skill level 5 in Fighting
 12565 | D:10     | Learned a level 4 spell: Hailstorm
 12654 | D:10     | Reached **** piety under Ashenzari
 12897 | D:10     | Reached skill level 1 in Conjurations
 13541 | D:11     | Reached skill level 13 in Dodging
 13802 | D:11     | Reached XP level 11. HP: 63/64 MP: 15/20
 14086 | D:11     | Noticed a green ugly thing
 14095 | D:11     | Killed a green ugly thing
 14205 | D:11     | Learned a level 3 spell: Stone Arrow
 14480 | D:11     | Found a staircase to the Orcish Mines.
 15060 | D:12     | Noticed a deep elf mage
 15087 | D:12     | Killed a deep elf mage
 15445 | D:12     | Noticed an unseen horror
 15456 | D:12     | Killed an unseen horror
 15457 | D:12     | Reached skill level 5 in Conjurations
 15476 | D:12     | Learned a level 5 spell: Lee's Rapid Deconstruction
 15618 | D:12     | Reached skill level 1 in Earth Magic
 16122 | D:12     | Reached ***** piety under Ashenzari
 16360 | D:12     | Noticed a boulder beetle
 16420 | D:12     | Killed a boulder beetle
 17102 | D:13     | Found a portal to a secret trove of treasure.
 17114 | D:13     | Identified the +3 ring mail of Ziczuf {rC++} (You found it
                  | on level 6 of the Dungeon)
 17270 | D:13     | Noticed a skeletal warrior
 17628 | Lair:1   | Entered Level 1 of the Lair of Beasts
 17834 | Lair:1   | Found a frozen archway.
 17843 | IceCv    | Entered an ice cave
 17843 | IceCv    | Noticed a white ugly thing
 17859 | IceCv    | Killed a white ugly thing
 17995 | IceCv    | Found a transporter.
 18012 | IceCv    | Noticed a white ugly thing
 18015 | IceCv    | Found a transporter.
 18059 | IceCv    | Killed a white ugly thing
 18140 | IceCv    | Engulfed by an ice statue's freezing vapour

Illustrated notes

Levels and vault maps discovered:
D:1:      dpeg_arrival_rooms_b, layout_loops_ring, serial_forest,
          infiniplex_forest_lined_room_3, infiniplex_forest_lined_corner,
          infiniplex_forest_clump_long, infiniplex_forest_zigzag_1,
          infiniplex_forest_clump_long, infiniplex_forest_straight_4,
          infiniplex_forest_lined_room_2, infiniplex_forest_straight_3,
          nicolae_ashenzari_panopticon
D:2:      minmay_evil_eye, layout_basic, zin_scriptorium,
          nicolae_overflow_crystal_walls, serial_forest,
          infiniplex_forest_lined_3, infiniplex_forest_straight_5,
          infiniplex_forest_diagonal, infiniplex_forest_clump_curved,
          infiniplex_forest_join, infiniplex_forest_lined_2,
          infiniplex_forest_lined_2, infiniplex_forest_end_2,
          infiniplex_forest_clump_long
D:3:      layout_basic, kennysheep_nondescript
D:4:      layout_gridville, uniq_robin
D:5:      lemuel_insect_pit, layout_loops_ring, lemuel_crystal_altar,
          minmay_temple_entry_butterflies, uniq_eustachio
D:6:      layout_loops_ring, grunt_temple_overflow_open
D:7:      layout_cave_pools, grunt_gozag_breadcrumbs, uniq_crazy_yiuf_cottage
D:8:      layout_loops_corners, xom_butterflies, old_standard_altar,
          hangedman_abyss_or_decor_lesser_grid, minmay_misc_feat_rows,
          grunt_decor_junction, uniq_maggie
D:9:      layout_loops_ring, grunt_lair_entry_orc_guard_hut, tgw_kikubaaqudgha
D:10:     layout_gridville, basic_altar, uniq_maurice
D:11:     layout_small_grid
D:12:     layout_cave_pods
D:13:     layout_basic, david_vaults_5, nicolae_trove_entry_crossroad
Lair:1:   layout_big_grid, portal_ice_cave_entry_pillars_1, st_stairs_7,
          grunt_megastairs_5
IceCv:    ice_cave_statue_garden_transporter

Skill      XL: |  1  2  3  4  5  6  7  8  9 10 11 |
---------------+----------------------------------+-----
Dodging        | 3 4 5 6 7 9 11 13 | 13.0
Ice Magic      | 5 6 8 9 10 | 10.3
Spellcasting   | 4 5 7 |  7.1
Summonings     | 2 5 |  5.0
Fighting       | 3 5 7 |  7.5
Conjurations   | 3 6 |  6.9
Earth Magic    | 4 |  4.3
Stealth        | |  2.4

Action                   |  1- 3 |  4- 6 |  7- 9 | 10-12 || total
-------------------------+-------+-------+-------+-------++-------
Melee: Unarmed           |    13 |       |       |       ||    13
       Dagger            |    71 |   126 |   319 |   576 ||  1092
Throw: Dart              |       |     1 |     2 |     9 ||    12
 Cast: Freeze            |    39 |    27 |    63 |    74 ||   203
       Frozen Ramparts   |       |     5 |    16 |    38 ||    59
       Ozocubu's Armour  |       |     4 |    18 |    40 ||    62
       Summon Ice Beast  |       |       |       |    55 ||    55
       Stone Arrow       |       |       |       |     4 ||     4
       Hailstorm         |       |       |       |     1 ||     1
Invok: Curse Item        |     1 |       |       |     2 ||     3
Evoke: Wand              |       |       |     2 |       ||     2
  Use: Scroll            |       |    10 |    11 |     8 ||    29
       Potion            |       |       |     2 |     6 ||     8
 Stab: Sleeping          |     3 |     7 |    18 |     9 ||    37
       Distracted        |       |       |       |     6 ||     6
Armor: Robe              |    17 |     9 |     1 |       ||    27
       Leather armour    |       |       |    51 |       ||    51
       Troll leather arm |       |       |     9 |   102 ||   111
Dodge: Dodged            |    74 |    80 |   404 |   912 ||  1470
